BSA
MAUI TROPICS @ SPRINGFIELD STARS
08/13/2027
 
TOP OF THE 1ST
Maui Tropics batting - Pitching for Springfield Stars : RHP Hyo-chin Ch'oe
Pitching: RHP Hyo-chin Ch'oe
Batting: RHB Matt Silver 0-0: Ground out 1-3 (Groundball, P)
Batting: LHB Luis Antonio Torres 0-0: Ball
1-0: Foul Ball, location: 2F
1-1: Ball
2-1: Foul Ball, location: 2F
2-2: Strikes out swinging
Batting: RHB Jesús Espinoza 0-0: Ground out 4-3 (Groundball, 4M)
Top of the 1st over - 0 run(s), 0 hit(s), 0 error(s), 0 left on base; Maui 0 - Springfield 0
BOTTOM OF THE 1ST
Springfield Stars batting - Pitching for Maui Tropics : LHP Kent Robinson
Pitching: LHP Kent Robinson
Batting: RHB Norberto Taváres 0-0: Ball
1-0: Called Strike
1-1: Ball
2-1: Ball
3-1: Called Strike
3-2: Base on Balls
Batting: RHB Calvin Bennett 0-0: Called Strike
0-1: Ball
1-1: Ball
Balk!
Norberto Taváres to second
2-1: Foul Ball, location: 2F
2-2: Strikes out looking
Batting: LHB Felipe Guerrero 0-0: Ball
1-0: Called Strike
1-1: Called Strike
1-2: Ball
2-2: Ball
3-2: Ground out 6-3 (Groundball, 6M)
Norberto Taváres to third
Batting: LHB Elliott Newell 0-0: Called Strike
0-1: Foul Ball, location: 2F
0-2: Ball
1-2: Fly out, F7 (Line Drive, 78M)
Bottom of the 1st over - 0 run(s), 0 hit(s), 0 error(s), 1 left on base; Maui 0 - Springfield 0
TOP OF THE 2ND
Maui Tropics batting - Pitching for Springfield Stars : RHP Hyo-chin Ch'oe
Batting: RHB Luis Alou 0-0: Swinging Strike
0-1: Called Strike
0-2: Ball
1-2: Foul Ball, location: 2F
1-2: Strikes out looking
Batting: RHB José Herrera 0-0: Ball
1-0: Called Strike
1-1: Foul Ball, location: 2F
1-2: Fly out, F9 (Flyball, 9)
Batting: LHB José Rivas 0-0: Called Strike
0-1: Ball
1-1: Ground out U3 (Groundball, 3S)
Top of the 2nd over - 0 run(s), 0 hit(s), 0 error(s), 0 left on base; Maui 0 - Springfield 0
BOTTOM OF THE 2ND
Springfield Stars batting - Pitching for Maui Tropics : LHP Kent Robinson
Batting: SHB Shane Hutchinson 0-0: Called Strike
0-1: Swinging Strike
0-2: Ball
1-2: Foul Ball, location: 2F
1-2: Foul Ball, location: 2F
1-2: Ball
2-2: Ground out 6-3 (Groundball, 6)
Batting: RHB Juan Carlos Rodríguez 0-0: Ground out 6-3 (Groundball, 6)
Batting: RHB Cho-yun Qiao 0-0: Ball
1-0: DOUBLE (Line Drive, 8LXD)
Batting: LHB Ryan Drake 0-0: Ground out 4-3 (Groundball, 4)
Bottom of the 2nd over - 0 run(s), 1 hit(s), 0 error(s), 1 left on base; Maui 0 - Springfield 0
TOP OF THE 3RD
Maui Tropics batting - Pitching for Springfield Stars : RHP Hyo-chin Ch'oe
Batting: RHB Michael Woodruff 0-0: Called Strike
0-1: Swinging Strike
0-2: Ball
1-2: Ball
2-2: Ball
3-2: Strikes out swinging
Batting: LHB Anacleto Morillo 0-0: Ball
1-0: Ball
2-0: Foul Ball, location: 2F
2-1: Ball
3-1: Foul Ball, location: 2F
3-2: Ground out 4-3 (Groundball, 4)
Batting: RHB John Brown 0-0: Called Strike
0-1: Ball
1-1: Ball
2-1: Called Strike
2-2: Ball
3-2: Strikes out swinging
Top of the 3rd over - 0 run(s), 0 hit(s), 0 error(s), 0 left on base; Maui 0 - Springfield 0
BOTTOM OF THE 3RD
Springfield Stars batting - Pitching for Maui Tropics : LHP Kent Robinson
Batting: RHB Will Sterling 0-0: DOUBLE (Groundball, 5L)
Batting: RHB Norberto Taváres 0-0: Foul Ball, location: 2F
0-1: Foul Ball, location: 2F
0-2: Ball
1-2: Ball
2-2: Reached on error, E5 (Groundball, 56S)
Will Sterling to third
Batting: RHB Calvin Bennett 0-0: Foul Ball, location: 2F
0-1: Ball
1-1: Ground out 5-3 (Groundball, 56S)
Will Sterling scores
Norberto Taváres to second
Batting: LHB Felipe Guerrero 0-0: Foul Ball, location: 2F
0-1: Ball
1-1: Ball
2-1: Swinging Strike
2-2: Foul Ball, location: 2F
2-2: Ball
3-2: Ground out U3 (Groundball, 34)
Norberto Taváres to third
Batting: LHB Elliott Newell 0-0: Ball
1-0: Ground out U3 (Groundball, 34)
Bottom of the 3rd over - 1 run(s), 1 hit(s), 1 error(s), 1 left on base; Maui 0 - Springfield 1
TOP OF THE 4TH
Maui Tropics batting - Pitching for Springfield Stars : RHP Hyo-chin Ch'oe
Batting: RHB Matt Silver 0-0: Called Strike
0-1: Fly out, F8 (Flyball, 78M)
Batting: LHB Luis Antonio Torres 0-0: SINGLE (Groundball, 3D)
Batting: RHB Jesús Espinoza 0-0: Called Strike
0-1: Foul Ball, location: 2F
0-2: SINGLE (Groundball, 4MD)
Luis Antonio Torres to second
Batting: RHB Luis Alou 0-0: Foul Ball, location: 2F
0-1: Foul Ball, location: 2F
0-2: Ball
1-2: Strikes out swinging
Batting: RHB José Herrera 0-0: Ball
1-0: Called Strike
1-1: SINGLE (Line Drive, 89S)
Luis Antonio Torres to third
Jesús Espinoza to second
Runner from 3rd tries for Home, SAFE, throw made at trailing runner, SAFE at third!
Batting: LHB José Rivas 0-0: Called Strike
0-1: Foul Ball, location: 2F
0-2: Strikes out swinging
Top of the 4th over - 1 run(s), 3 hit(s), 0 error(s), 2 left on base; Maui 1 - Springfield 1
BOTTOM OF THE 4TH
Springfield Stars batting - Pitching for Maui Tropics : LHP Kent Robinson
Batting: SHB Shane Hutchinson 0-0: Called Strike
0-1: Fly out, F9 (Flyball, 89M)
Batting: RHB Juan Carlos Rodríguez 0-0: Ball
1-0: Foul Ball, location: 2F
1-1: Swinging Strike
1-2: Foul Ball, location: 2F
1-2: Ground out 6-3 (Groundball, 56)
Batting: RHB Cho-yun Qiao 0-0: Foul Ball, location: 2F
0-1: SINGLE (Flyball, 9S)
Batting: LHB Ryan Drake 0-0: Ball
1-0: Ball
2-0: Ball
Balk!
Cho-yun Qiao to second
3-0: Called Strike
3-1: Called Strike
3-2: Fly out, F9 (Flyball, 9S)
Bottom of the 4th over - 0 run(s), 1 hit(s), 0 error(s), 1 left on base; Maui 1 - Springfield 1
TOP OF THE 5TH
Maui Tropics batting - Pitching for Springfield Stars : RHP Hyo-chin Ch'oe
Batting: RHB Michael Woodruff 0-0: Called Strike
0-1: Ball
1-1: Called Strike
1-2: Ball
2-2: Strikes out looking
Batting: LHB Anacleto Morillo 0-0: Called Strike
0-1: Ball
1-1: Foul Ball, location: 2F
1-2: Ball
2-2: Strikes out swinging
Batting: RHB John Brown 0-0: Called Strike
0-1: Ball
1-1: Ball
2-1: Fly out, F8 (Line Drive, 8LD)
Top of the 5th over - 0 run(s), 0 hit(s), 0 error(s), 0 left on base; Maui 1 - Springfield 1
BOTTOM OF THE 5TH
Springfield Stars batting - Pitching for Maui Tropics : LHP Kent Robinson
Batting: RHB Will Sterling 0-0: Called Strike
0-1: Called Strike
0-2: Ball
1-2: Ball
2-2: Foul Ball, location: 2F
2-2: Ball
3-2: Ground out 4-3 (Groundball, 34)
Batting: RHB Norberto Taváres 0-0: Ground out 5-3 (Groundball, 56)
Batting: RHB Calvin Bennett 0-0: Ball
1-0: Foul Ball, location: 2F
1-1: Ball
2-1: Ground out 5-3 (Groundball, 56)
Bottom of the 5th over - 0 run(s), 0 hit(s), 0 error(s), 0 left on base; Maui 1 - Springfield 1
TOP OF THE 6TH
Maui Tropics batting - Pitching for Springfield Stars : RHP Hyo-chin Ch'oe
Batting: RHB Matt Silver 0-0: Ball
1-0: Ball
2-0: Foul Ball, location: 2F
2-1: Ball
3-1: SINGLE (Groundball, 56D)
Pitching: RHP Yajirobei Endo
Batting: LHB Luis Antonio Torres 0-0: Called Strike
0-1: Ball
1-1: Foul Ball, location: 2F
1-2: Strikes out swinging
Batting: RHB Jesús Espinoza 0-0: Ball
1-0: Ground out 5-3 (Groundball, 56S)
Matt Silver to second
Batting: RHB Luis Alou 0-0: Ball
1-0: Ball
2-0: Swinging Strike
2-1: Called Strike
2-2: Strikes out swinging
Top of the 6th over - 0 run(s), 1 hit(s), 0 error(s), 1 left on base; Maui 1 - Springfield 1
BOTTOM OF THE 6TH
Springfield Stars batting - Pitching for Maui Tropics : LHP Kent Robinson
Batting: LHB Felipe Guerrero 0-0: Fly out, F8 (Flyball, 8RXD)
Batting: LHB Elliott Newell 0-0: Ball
1-0: Foul Ball, location: 2F
1-1: Ball
2-1: Ball
3-1: Base on Balls
Batting: SHB Shane Hutchinson 0-0: Called Strike
0-1: Called Strike
0-2: Ball
1-2: Foul Ball, location: 2F
1-2: Ball
2-2: Grounds into double play, 6-4-3 (Groundball, 6)
Bottom of the 6th over - 0 run(s), 0 hit(s), 0 error(s), 0 left on base; Maui 1 - Springfield 1
TOP OF THE 7TH
Maui Tropics batting - Pitching for Springfield Stars : RHP Yajirobei Endo
Batting: RHB José Herrera 0-0: Called Strike
0-1: Ball
1-1: Swinging Strike
1-2: Ball
2-2: Strikes out swinging
Pitching: LHP Shan Liu
Pinch Hitting: RHB José Rodríguez 0-0: Ground out 6-3 (Groundball, 6)
Batting: RHB Michael Woodruff 0-0: Ball
1-0: Called Strike
1-1: Ball
2-1: Ground out 6-3 (Groundball, 6)
Top of the 7th over - 0 run(s), 0 hit(s), 0 error(s), 0 left on base; Maui 1 - Springfield 1
BOTTOM OF THE 7TH
Springfield Stars batting - Pitching for Maui Tropics : LHP Kent Robinson
Now in CF: José Rodríguez
Batting: RHB Juan Carlos Rodríguez 0-0: Ball
1-0: Called Strike
1-1: Called Strike
1-2: Ball
2-2: Ball
3-2: Strikes out swinging
Batting: RHB Cho-yun Qiao 0-0: Called Strike
0-1: DOUBLE (Line Drive, 78XD)
Batting: LHB Ryan Drake 0-0: Ball
1-0: Ball
2-0: Swinging Strike
2-1: Foul Ball, location: 2F
2-2: Fly out, F4 (Line Drive, 4)
Batting: RHB Will Sterling 0-0: Foul Ball, location: 2F
0-1: Ball
1-1: Foul Ball, location: 2F
1-2: Ball
2-2: Ball
3-2: Fly out, F4 (Line Drive, 4MD)
Bottom of the 7th over - 0 run(s), 1 hit(s), 0 error(s), 1 left on base; Maui 1 - Springfield 1
TOP OF THE 8TH
Maui Tropics batting - Pitching for Springfield Stars : LHP Shan Liu
Pitching: RHP Jorge Delgado
Batting: LHB Anacleto Morillo 0-0: Swinging Strike
0-1: Called Strike
0-2: Ball
1-2: Strikes out looking
Pinch Hitting: LHB Javier Espinoza 0-0: Ball
1-0: SINGLE (Flyball, 8RS)
Batting: RHB Matt Silver 0-0: Called Strike
0-1: Ground out 5-3 (Groundball, 5)
Javier Espinoza to second
Pitching: RHP Alberto Vásquez
Batting: LHB Luis Antonio Torres 0-0: Ball
1-0: Swinging Strike
1-1: Ground out 3-1 (Groundball, 34)
Top of the 8th over - 0 run(s), 1 hit(s), 0 error(s), 1 left on base; Maui 1 - Springfield 1
BOTTOM OF THE 8TH
Springfield Stars batting - Pitching for Maui Tropics : LHP Kent Robinson
Pitching: RHP César Rúbio
Now at 2B: Javier Espinoza
Batting: RHB Norberto Taváres 0-0: Foul Ball, location: 2F
0-1: Ball
1-1: Ball
2-1: Foul Ball, location: 2F
2-2: Ball
3-2: SINGLE (Line Drive, 34D)
Batting: RHB Calvin Bennett 0-0: Ball
Norberto Taváres is caught stealing 2nd base
1-0: Called Strike
1-1: Ball
2-1: Swinging Strike
2-2: Foul Ball, location: 2F
2-2: Strikes out swinging
Pitching: LHP Mark Stewart
Batting: LHB Felipe Guerrero 0-0: Called Strike
0-1: Ground out 6-3 (Groundball, 6S)
Bottom of the 8th over - 0 run(s), 1 hit(s), 0 error(s), 0 left on base; Maui 1 - Springfield 1
TOP OF THE 9TH
Maui Tropics batting - Pitching for Springfield Stars : RHP Alberto Vásquez
Pitching: RHP José Valdéz
Batting: RHB Jesús Espinoza 0-0: Ball
1-0: Called Strike
1-1: Ball
2-1: Foul Ball, location: 2F
2-2: Ball
3-2: Strikes out swinging
Batting: RHB Luis Alou 0-0: Foul Ball, location: 2F
0-1: Ball
1-1: Foul Ball, location: 2F
1-2: DOUBLE (Flyball, 78XD)
Batting: RHB José Herrera 0-0: Intentional Walk
Batting: RHB José Rodríguez 0-0: Called Strike
0-1: Ball
Luis Alou steals 3rd base
José Herrera to second
1-1: Ball
2-1: Fly out, F8 (Line Drive, 8LM)
Batting: RHB Michael Woodruff 0-0: Foul Ball, location: 2F
0-1: Ball
1-1: Foul Ball, location: 2F
1-2: Ball
2-2: Foul Ball, location: 2F
2-2: Foul Ball, location: 2F
2-2: Strikes out swinging
Top of the 9th over - 0 run(s), 1 hit(s), 0 error(s), 2 left on base; Maui 1 - Springfield 1
BOTTOM OF THE 9TH
Springfield Stars batting - Pitching for Maui Tropics : LHP Mark Stewart
Pitching: RHP John Burris
Batting: LHB Elliott Newell 0-0: Swinging Strike
0-1: Foul Ball, location: 2F
0-2: Ball
1-2: Strikes out swinging
Batting: SHB Shane Hutchinson 0-0: Called Strike
0-1: Ball
1-1: Ball
2-1: Fly out, F9 (Flyball, 9S)
Pinch Hitting: LHB Jesús Tobías 0-0: Ball
1-0: Ball
2-0: Fly out, F7 (Flyball, 7LSF)
Bottom of the 9th over - 0 run(s), 0 hit(s), 0 error(s), 0 left on base; Maui 1 - Springfield 1
TOP OF THE 10TH
Maui Tropics batting - Pitching for Springfield Stars : RHP José Valdéz
Now at 3B: Jesús Tobías
Batting: LHB Anacleto Morillo 0-0: DOUBLE (Flyball, 8RD)
Batting: LHB Javier Espinoza 0-0: Called Strike
0-1: Ball
1-1: Ground out 3-1 (Groundball, 34)
Anacleto Morillo to third
Batting: RHB Matt Silver 0-0: Ball
1-0: Ball
2-0: Foul Ball, location: 2F
2-1: Swinging Strike
2-2: Strikes out looking
Batting: LHB Luis Antonio Torres 0-0: SINGLE (Flyball, 8LS)
Anacleto Morillo scores
Batting: RHB Jesús Espinoza 0-0: Ball
1-0: Fielders Choice at 2nd, 6-4 (Groundball, 6)
Top of the 10th over - 1 run(s), 2 hit(s), 0 error(s), 0 left on base; Maui 2 - Springfield 1
BOTTOM OF THE 10TH
Springfield Stars batting - Pitching for Maui Tropics : RHP John Burris
Pitching: RHP Ricardo Pérez
Now in CF: Don Hull
Batting: RHB Cho-yun Qiao 0-0: Called Strike
0-1: Ground out 5-3 (Groundball, 56)
Batting: LHB Ryan Drake 0-0: Called Strike
0-1: Foul Ball, location: 2F
0-2: Ball
1-2: Foul Ball, location: 2F
1-2: Ball
2-2: Ball
3-2: Foul Ball, location: 2F
3-2: Fly out, F9 (Flyball, 89M)
Batting: RHB Will Sterling 0-0: Ball
1-0: Called Strike
1-1: Called Strike
1-2: Foul Ball, location: 2F
1-2: Ground out 6-3 (Groundball, 6)
Bottom of the 10th over - 0 run(s), 0 hit(s), 0 error(s), 0 left on base; Maui 2 - Springfield 1
Thursday, March 30th, 2017 - OOTP Baseball 17.12 Build 75